 Dungeon Crawl Stone Soup version 0.31-a0-819-gf6de2f5ab6 (webtiles) character file.

Game seed: 8480208927578038880

189 Kurtz the Trooper (level 5, -1/37 HPs)
             Began as an Octopode Fighter on Sept 25, 2023.
             Slain by an orc wizard
             ... wielding a +0 dagger
              (4 damage)
             ... on level 3 of the Dungeon.
             The game lasted 00:01:41 (1454 turns).

Kurtz the Trooper (Octopode Fighter)                Turns: 1454, Time: 00:01:43

Health: -1/37      AC:  1    Str: 15    XL:     5   Next: 68%
Magic:  5/5        EV: 14    Int: 11    God:
Gold:   124        SH:  0    Dex: 13    Spells: 4/4 levels left

rFire   + . .        a - +0 war axe
rCold   + . .        b - +0 buckler
rNeg    . . .        (helmet restricted)
rPois   +            h - amulet of reflection
rElec   +            (no ring)
rCorr   +            (no ring)
SInv    .            (no ring)
Will    .....        (no ring)
Stlth   ++           (no ring)
HPRegen 0.26/turn    (no ring)
MPRegen 0.09/turn    (no ring)
                     (no ring)

%: reflection
@: confused, brilliant, resistant
A: almost no armour, amphibious, 8 rings, camouflage 1, gelatinous body 1,
(nimble swimmer 1), tentacles
a: no special abilities


You were on level 3 of the Dungeon.
You visited 1 branch of the dungeon, and saw 3 of its levels.

You collected 124 gold pieces.

Inventory:

Hand Weapons
 a - a +0 war axe (weapon)
Missiles
 j - 2 javelins
Armour
 b - a +0 buckler (worn)
Jewellery
 h - an amulet of reflection (around mantle)
Scrolls
 d - a scroll of revelation {unknown}
 e - 2 scrolls of teleportation {unknown}
 g - a scroll of enchant armour {unknown}
 l - a scroll of fear {unknown}
 m - 2 scrolls of identify {unknown}
 n - a scroll of immolation {unknown}
Potions
 c - a potion of might
 f - a potion of brilliance
 k - a potion of heal wounds {unknown}


   Skills:
 * Level 4.1 Fighting
 * Level 3.3 Axes
 * Level 4.0 Dodging
 * Level 3.8 Shields


You had 4 spell levels left.
You didn't know any spells.
Your spell library contained the following spells:

 Spells                   Type           Power      Damage    Failure   Level
 Apportation              Tloc           0%         N/A       41%         1
 Necrotise                Necr           0%         1d4       41%         1
 Summon Small Mammal      Summ           0%         N/A       41%         1
 Blink                    Tloc           0%         N/A       56%         2
 Lesser Beckoning         Tloc           0%         N/A       56%         2
 Momentum Strike          Conj/Tloc      0%         3d8       56%         2
 Manifold Assault         Tloc           0%         N/A       99%         4


Dungeon Overview and Level Annotations

Branches:
Dungeon (3/15)

Altars:

Shops:
D:2 [


Innate Abilities, Weirdness & Mutations

You cannot wear most types of armour.
You are amphibious.
You can wear up to eight rings at the same time.
Your skin changes colour to match your surroundings (Stealth+).
Your rubbery body absorbs attacks. (AC +1, EV +1)
((You are camouflaged when in or above water. (Stealth+)))
You have tentacles for arms and can constrict up to eight enemies at once.


Message History

Unknown command.
You slash the orc!
You kill the orc!
You hit something. You hit the orc. You slash the hobgoblin!
You kill the hobgoblin!
Something hits you.
* * * LOW HITPOINT WARNING * * *
The orc hits you with a +0 dagger.
* * * LOW HITPOINT WARNING * * *
Your Dodging skill increases to level 4!
You closely miss the orc. You grab the orc.
The orc is almost dead.
You miss something. You constrict the orc.
You kill the orc!
Something hits you but does no damage. Something hits you.
* * * LOW HITPOINT WARNING * * *
Something hits you.
* * * LOW HITPOINT WARNING * * *
You see here a +0 dagger.
Something completely misses you.
There is an escape hatch in the ceiling here.
You see here a hobgoblin corpse.
You block something's attack.
Items here: )) [ †.
You miss something. Your squeeze misses something.
You block something's attack.
You barely miss something. You block something's attack.
You hit something. You block something's attack. Something hits you.
* * * LOW HITPOINT WARNING * * *
It was a potion of brilliance.
You feel clever all of a sudden.
You hear some strange, mumbled words.
You are confused.
Unknown command.
You bump into the rock wall.
Something hits you.
* * * LOW HITPOINT WARNING * * *
It was a potion of resistance.
You feel protected. Something hits you.
You die...

#..........# ##...
#.......!..# ##..#.
.#..........# ####..##.
.:..........####......##
#.......................
#......................
#.....)..........######
#.....<).........#....$
#.....@..........#.....
####..###.....#..#..##.
##.#...#####..# .# .
.....## #..# ...>.. ...#
....># ...# ..... ....#
#..... ....# .)...#


There were no monsters in sight!

Vanquished Creatures
  A phantom (D:2)
  An orc priest (D:3)
  Jessica (D:2)
  Terence (D:2)
  3 orcs (D:3)
  2 ball pythons
  A bat (D:2)
  3 endoplasms
  2 giant cockroaches (D:1)
  4 goblins
  3 hobgoblins
  3 quokkas
  3 frilled lizards
  3 kobolds
  4 rats
35 creatures vanquished.

Notes
Turn   | Place    | Note
-------+----------+-------------------------------------------
     0 | D:1      | Kurtz the Octopode Fighter began the quest for the Orb.
     0 | D:1      | Reached XP level 1. HP: 16/16 MP: 1/1
   123 | D:1      | Reached XP level 2. HP: 21/21 MP: 2/2
   746 | D:2      | Noticed a phantom
   755 | D:2      | Killed a phantom
   756 | D:2      | Reached XP level 3. HP: 24/27 MP: 3/3
   756 | D:2      | Reached XP level 4. HP: 29/33 MP: 4/4
  1054 | D:2      | Found Xuteala's Antique Armour Shoppe.
  1106 | D:2      | Noticed Terence
  1113 | D:2      | Killed Terence
  1114 | D:2      | Reached XP level 5. HP: 37/37 MP: 5/5
  1149 | D:2      | Noticed Jessica
  1153 | D:2      | Killed Jessica
  1226 | D:2      | Identified the +6 scale mail "Celore" {*Slow rCorr Int+6}
  1454 | D:3      | Slain by an orc wizard

Illustrated notes

Levels and vault maps discovered:
D:1:      lemuel_arrival_room, layout_basic, st_stairs_4
D:2:      layout_loops_ring, serial_shops, shop, uniq_terence, uniq_jessica
D:3:      layout_basic, gammafunk_ghost_mausoleum,
          shapermc_ecumenical_altar_notcrosses, uniq_robin, uniq_sigmund

Skill      XL: |  1  2  3  4  5 |
---------------+----------------+-----
Axes           | 3 |  3.3
Fighting       | 4 |  4.1
Dodging        | 4 |  4.0
Shields        | |  3.8

Action                     |  1- 3 |  4- 6 || total
---------------------------+-------+-------++-------
  Melee: War axe           |    22 |    33 ||    55
         Constrict         |     5 |     8 ||    13
         Tentacles         |     4 |     7 ||    11
         Punch             |       |     1 ||     1
    Use: Potion            |       |     2 ||     2
   Stab: Sleeping          |     2 |     6 ||     8
 Armour: Skin              |     8 |    16 ||    24
  Dodge: Dodged            |    14 |    13 ||    27
  Block: Buckler           |     3 |    15 ||    18

Table legend: (Time is in decaauts)
 A = Elapsed time spent in this place.
 B = Non-inter-level travel time spent in this place.
 C = Inter-level travel time spent in this place.
 D = Time resting spent in this place.
 E = Time spent auto-exploring this place.
 F = Levels seen in this place.
 G = Mean time per level.
                   A        B        C        D        E       F      G
               +--------+--------+--------+--------+--------+-----+--------+
         Total |   1475 |   1416 |     59 |      0 |   1202 |   3 |  491.7 |
       Dungeon |   1475 |   1416 |     59 |      0 |   1202 |   3 |  491.7 |
               +--------+--------+--------+--------+--------+-----+--------+

Top non-repeatable levels by time:
     D:1: 753 daAuts
     D:2: 629 daAuts
     D:3: 92 daAuts
